 Dungeon Sprint DCSS version 0.17.2-1-ge4368a0 (webtiles) character file.

9101 mopl the Unseen (level 11, -5/60 HPs)
             Began as a Spriggan Assassin on Aug 22, 2016.
             Was the Champion of Trog.
             Killed from afar by a crystal guardian (22 damage)
             ... with a crystal bolt
             ... in the Dungeon (Sprint III: "The Ten Rune Challenge").
             The game lasted 00:05:49 (2260 turns).

mopl the Unseen (Spriggan Assassin)                 Turns: 2260, Time: 00:05:50

Health: -5/60      AC:  3    Str:  7    XL:     11   Next: 18%
Magic:  12/12      EV: 17    Int: 12    God:    Trog [******]
Gold:   56         SH:  0    Dex: 22    Spells: 0 memorised, 10 levels left

rFire  . . .     SeeInvis +     a - +7 rapier (speed)
rCold  . . .     Clarity  +     c - +0 robe
rNeg   . . .     SustAt   .     (shield restricted)
rPois  .         Gourm    .     (helmet restricted)
rElec  .         Spirit   .     d - +0 cloak
rCorr  .         Warding  .     (gloves unavailable)
rMut   .         NoTele   +     (boots unavailable)
MR     +....                    (no amulet)
Stlth  +++++++++.               (no ring)
                                (no ring)

@: very quick, somewhat resistant to hostile enchantments, incredibly stealthy
A: unfitting armour, talons 2, see invisible, clarity, herbivore 3, speed 3,
slow metabolism 2
a: Berserk, Trog's Hand, Brothers in Arms, Burn Spellbooks, Renounce Religion


You were in the Dungeon.
You worshipped Trog.
Trog was exalted by your worship.
You were full.

You visited 1 branch You collected 56 gold pieces.

Inventory:

Hand Weapons
 a - a +7 rapier of speed (weapon)
 b - a +0 blowgun
 A - a +2 dagger
Missiles
 e - 7 poisoned needles
 f - 5 steel tomahawks
 h - 5 needles of confusion
 n - 9 throwing nets (quivered)
 r - 7 curare-tipped needles
 z - 2 needles of frenzy
Armour
 c - a +0 robe (worn)
 d - a +0 cloak (worn)
Wands
 C - a wand of polymorph (7)
Scrolls
 m - 2 scrolls of blinking
 o - 3 scrolls of torment {!r}
 p - 3 scrolls of remove curse
 q - a scroll of identify
 u - a scroll of immolation {unknown}
 x - a scroll of acquirement
Potions
 i - 2 potions of heal wounds
 j - a potion of haste
 k - 2 potions of magic
 l - 3 potions of might
 s - 2 potions of cure mutation {!q}
 t - 3 potions of flight
 w - a potion of brilliance {unknown}
Miscellaneous
 y - a lamp of fire
Comestibles
 g - a bread ration
 v - 2 royal jellies


   Skills:
 + Level 8.6 Fighting
 + Level 11.2 Short Blades
 * Level 18.3 Throwing
 - Level 1.5 Dodging
 + Level 20.1 Stealth


You had 10 spell levels left.
You didn't know any spells.

Dungeon Overview and Level Annotations

Branches:
Dungeon (1/1)

Altars:
Cheibriados
Dithmenos
Elyvilon
Fedhas
Gozag
Kikubaaqudgha
Makhleb
Nemelex Xobeh
Okawaru
Qazlal
Ru
Sif Muna
Trog
Vehumet
Xom
Yredelemnul
Zin
The Shining One
Jiyva
Lugonu

Annotations:
D exclusion: orange crystal statue


Innate Abilities, Weirdness & Mutations

You are tiny and cannot use many weapons and most armour.
You have supernaturally acute eyesight.
You are a herbivore.
You cover ground extremely quickly.
You need consume almost no food.
You have razor-sharp toenails.
You possess an exceptional clarity of mind.


Message History

You destroy the crystal guardian!
Your Stealth skill increases to level 20!
Really walk into a travel-excluded area?
Okay, then.
Really walk into a travel-excluded area?
There is a fountain of sparkling water here.
Your troll goes berserk!
You feel somewhat less full.
The crystal guardian fires a crystalline bolt at you.
The crystal bolt freezes you!
* * * LOW HITPOINT WARNING * * *
Your troll rages.
Your troll bites the crystal guardian.
Your troll claws the crystal guardian but does no damage.
Your troll claws the crystal guardian!
Your troll bites the crystal guardian.
Your troll claws the crystal guardian!
Your troll claws the crystal guardian!
The crystal guardian fires a crystalline bolt at you.
The crystal bolt freezes you!
You die...

#.#[..........+
#.#PP.))..###
#.#P..))###
#.#...###8#
#.#.###..§#
#§#'#..§.§#
#§#..§.§§.#
#.#)...§§§###++###
#......§§§#.⌠.@⌠.#
#########§#......#
#.#8#.#.#.8......#
#.........T......#
#................#
###'##############
#. #. #.


You could see a crystal guardian and a friendly troll (berserk).

Vanquished Creatures
  Dowan (D)
  Azrael (D)
  2 yaktaur captains (D)
  Erolcha (D)
  2 crystal guardians (D)
  Duvessa (D)
  2 yaktaurs (D)
  A deep elf priest (D)
  4 spriggan defenders (D)
  2 orc high priests (D)
  2 trapdoor spiders (D)
  A redback (D)
  A shadow (D)
  2 hill giants (D)
  A necrophage (D)
  3 two-headed ogres (D)
  A water elemental (D)
  A jelly (D)
  An orc priest (D)
  A necromancer (D)
  A wizard (D)
  A kobold demonologist (D)
  3 humans (D)
  A phantom (D)
  4 rats (D)
  A plant (D)
42 creatures vanquished.

Vanquished Creatures (others)
  2 draconian scorchers (D)
  2 yaktaurs (D)
  An electric eel (D)
  3 plants (D)
8 creatures vanquished.

Grand Total: 50 creatures vanquished

Notes
Turn   | Place    | Note
--------------------------------------------------------------
     0 | D        | mopl the Spriggan Assassin began the quest for the Orb.
     0 | D        | Reached XP level 1. HP: 10/10 MP: 2/2
     9 | D        | Reached skill level 6 in Stealth
    35 | D        | Reached skill level 3 in Throwing
    67 | D        | Reached skill level 4 in Throwing
    67 | D        | Reached skill level 7 in Stealth
    67 | D        | Reached XP level 2. HP: 14/14 MP: 3/3
    73 | D        | Reached skill level 5 in Throwing
    78 | D        | Noticed a water elemental
    80 | D        | Killed a water elemental
    80 | D        | Reached skill level 6 in Throwing
    80 | D        | Reached skill level 9 in Stealth
    80 | D        | Reached XP level 3. HP: 18/18 MP: 4/4
    80 | D        | Reached XP level 4. HP: 22/22 MP: 5/5
    95 | D        | Gained mutation: You have sharp toenails. [potion of mutation]
    95 | D        | Gained mutation: You have razor-sharp toenails. [potion of mutation]
    95 | D        | Gained mutation: You possess an exceptional clarity of mind. [potion of mutation]
   107 | D        | Found an iron altar of Okawaru.
   107 | D        | Found a bloodstained altar of Trog.
   107 | D        | Noticed a human
   107 | D        | Noticed a human
   117 | D        | Killed a human
   117 | D        | Reached skill level 9 in Throwing
   117 | D        | Reached skill level 11 in Stealth
   117 | D        | Reached XP level 5. HP: 21/25 MP: 6/6
   122 | D        | Killed a human
   122 | D        | Reached skill level 11 in Throwing
   122 | D        | Reached skill level 12 in Stealth
   122 | D        | Reached XP level 6. HP: 9/30 MP: 7/7
   127 | D        | Became a worshipper of Trog the Wrathful
   162 | D        | Killed a white draconian scorcher
   204 | D        | Killed a white draconian scorcher
   258 | D        | Killed a yaktaur
   399 | D        | Found a glowing silver altar of Zin.
   399 | D        | Found a glowing golden altar of the Shining One.
   399 | D        | Found a white marble altar of Elyvilon.
   399 | D        | Noticed a deep elf priest
   412 | D        | Killed a deep elf priest
   412 | D        | Reached skill level 12 in Throwing
   412 | D        | Reached skill level 14 in Stealth
   412 | D        | Reached XP level 7. HP: 13/33 MP: 8/8
   647 | D        | Found a radiant altar of Vehumet.
   648 | D        | Found a deep blue altar of Sif Muna.
   648 | D        | Found an ancient bone altar of Kikubaaqudgha.
   648 | D        | Noticed a wizard
   649 | D        | Killed a wizard
   649 | D        | Reached * piety under Trog
   653 | D        | Reached ** piety under Trog
   670 | D        | Found a basalt altar of Yredelemnul.
   670 | D        | Found a snail-covered altar of Cheibriados.
   670 | D        | Found a blossoming altar of Fedhas.
   670 | D        | Noticed a necrophage
   670 | D        | Noticed a necromancer
   672 | D        | Killed a necromancer
   681 | D        | Killed a necrophage
   681 | D        | Reached skill level 13 in Throwing
   711 | D        | Noticed a jelly
   712 | D        | Noticed a shadow
   714 | D        | Killed a shadow
   714 | D        | Reached skill level 15 in Stealth
   722 | D        | Killed a jelly
   722 | D        | Reached *** piety under Trog
   845 | D        | Found a stormy altar of Qazlal.
   845 | D        | Noticed a spatial vortex
   846 | D        | Found a sacrificial altar of Ru.
   846 | D        | Found a burning altar of Makhleb.
   846 | D        | Found a viscous altar of Jiyva.
   846 | D        | Found a shimmering altar of Xom.
   846 | D        | Found a shadowy altar of Dithmenos.
   846 | D        | Found a sparkling altar of Nemelex Xobeh.
   846 | D        | Found a corrupted altar of Lugonu.
   846 | D        | Found an opulent altar of Gozag.
  1157 | D        | Noticed a two-headed ogre
  1157 | D        | Noticed a two-headed ogre
  1161 | D        | Killed a two-headed ogre
  1161 | D        | Reached skill level 2 in Fighting
  1180 | D        | Killed a two-headed ogre
  1180 | D        | Reached skill level 3 in Short Blades
  1180 | D        | Reached XP level 8. HP: 37/37 MP: 9/9
  1195 | D        | Noticed a two-headed ogre
  1196 | D        | Killed a two-headed ogre
  1201 | D        | Noticed a hill giant
  1245 | D        | Killed a yaktaur
  1250 | D        | Killed a hill giant
  1250 | D        | Reached **** piety under Trog
  1250 | D        | Reached skill level 14 in Throwing
  1290 | D        | Noticed a hill giant
  1290 | D        | Noticed Erolcha
  1292 | D        | Killed Erolcha
  1292 | D        | Reached skill level 4 in Fighting
  1292 | D        | Reached skill level 5 in Short Blades
  1292 | D        | Reached skill level 16 in Stealth
  1293 | D        | Killed a hill giant
  1293 | D        | Reached XP level 9. HP: 40/44 MP: 10/10
  1295 | D        | Noticed a redback
  1297 | D        | Noticed a trapdoor spider
  1315 | D        | Killed a trapdoor spider
  1315 | D        | Reached ***** piety under Trog
  1315 | D        | Received a gift from Trog
  1315 | D        | Reached skill level 6 in Short Blades
  1315 | D        | Reached skill level 15 in Throwing
  1325 | D        | Killed an electric eel
  1342 | D        | Killed a redback
  1342 | D        | Reached skill level 17 in Stealth
  1366 | D        | Noticed a trapdoor spider
  1375 | D        | Killed a trapdoor spider
  1375 | D        | Reached skill level 5 in Fighting
  1608 | D        | Noticed Duvessa
  1609 | D        | Noticed Dowan
  1617 | D        | Killed Duvessa
  1617 | D        | Received a gift from Trog
  1617 | D        | Reached skill level 7 in Short Blades
  1622 | D        | Killed Dowan
  1622 | D        | Reached skill level 6 in Fighting
  1622 | D        | Reached skill level 8 in Short Blades
  1622 | D        | Reached skill level 16 in Throwing
  1622 | D        | Reached skill level 18 in Stealth
  1622 | D        | Reached XP level 10. HP: 23/53 MP: 11/11
  1802 | D        | Noticed an orc priest
  1802 | D        | Noticed an orc high priest
  1803 | D        | Noticed a yaktaur captain
  1803 | D        | Noticed an orc priest
  1804 | D        | Noticed a yaktaur
  1805 | D        | Killed a yaktaur captain
  1805 | D        | Reached skill level 7 in Fighting
  1805 | D        | Reached skill level 9 in Short Blades
  1807 | D        | Noticed a yaktaur
  1807 | D        | Noticed a yaktaur captain
  1809 | D        | Killed a yaktaur
  1809 | D        | Reached skill level 17 in Throwing
  1813 | D        | Killed a yaktaur
  1817 | D        | Killed a yaktaur captain
  1817 | D        | Reached ****** piety under Trog
  1817 | D        | Reached skill level 19 in Stealth
  1825 | D        | Noticed Azrael
  1827 | D        | Killed Azrael
  1827 | D        | Received a gift from Trog
  1827 | D        | Reached skill level 10 in Short Blades
  1848 | D        | Noticed an orc high priest
  1861 | D        | Noticed a rust devil
  1907 | D        | Killed an orc priest
  1907 | D        | Received a gift from Trog
  1920 | D        | Killed an orc high priest
  1920 | D        | Reached skill level 8 in Fighting
  2024 | D        | Noticed an orange crystal statue
  2041 | D        | Killed an orc high priest
  2187 | D        | Noticed a spriggan defender
  2187 | D        | Noticed a spriggan defender
  2188 | D        | Noticed a spriggan defender
  2188 | D        | Noticed a spriggan defender
  2189 | D        | Killed a spriggan defender
  2189 | D        | Reached XP level 11. HP: 60/60 MP: 12/12
  2190 | D        | Killed a spriggan defender
  2190 | D        | Reached skill level 18 in Throwing
  2192 | D        | Killed a spriggan defender
  2193 | D        | Killed a spriggan defender
  2244 | D        | Noticed a crystal guardian
  2244 | D        | Noticed a crystal guardian
  2244 | D        | Noticed a crystal guardian
  2244 | D        | Noticed a crystal guardian
  2245 | D        | Killed a crystal guardian
  2245 | D        | Reached skill level 11 in Short Blades
  2248 | D        | Killed a crystal guardian
  2248 | D        | Reached skill level 20 in Stealth
  2260 | D        | Killed from afar by a crystal guardian

Action                   |  1- 3 |  4- 6 |  7- 9 | 10-12 || total
-------------------------+-------+-------+-------+-------++-------
Melee: Dagger            |    11 |    19 |    43 |    19 ||    92
       Rapier            |       |       |       |    44 ||    44
 Fire: Blowgun           |       |     2 |    20 |       ||    22
Throw: Throwing net      |     1 |       |     2 |       ||     3
Invok: Berserk           |       |       |     3 |       ||     3
       Burn Spellbooks   |       |       |     1 |       ||     1
       Brothers in Arms  |       |       |       |     1 ||     1
  Use: Potion            |       |     2 |     1 |     1 ||     4
 Stab: Sleeping          |     4 |       |    10 |    11 ||    25
       Held in net/web   |     2 |       |     4 |       ||     6
       Distracted        |       |       |       |     1 ||     1
  Eat: Fruit             |       |       |     4 |     4 ||     8
